 Dungeon Crawl Stone Soup version 0.30.1-9-gdf580d7c3d (webtiles) character file.

Game seed: 14345172972639730095

3890 jurchenman the Thaumaturge (level 10, -1/50 HPs)
             Began as a Deep Elf Fire Elementalist on Sept 28, 2023.
             Was a Believer of Vehumet.
             Slain by a rat (2 damage)
             ... summoned by Gastronok
             ... on level 9 of the Dungeon.
             The game lasted 00:28:03 (7486 turns).

jurchenman the Thaumaturge (DEFE)                   Turns: 7486, Time: 00:28:04

Health: -1/50      AC:  4    Str:  5    XL:     10   Next: 0%
Magic:  24/34      EV: 15    Int: 31    God:    Vehumet [**....]
Gold:   215        SH:  0    Dex: 15    Spells: 5/28 levels left

rFire   . . .        p - +8 quarterstaff "Epneuz" {freeze, *Slow rElec rCorr SInv}
rCold   . . .        (shield currently unavailable)
rNeg    . . .        a - +1 robe
rPois   .            (no helmet)
rElec   +            J - +0 cloak
rCorr   +            (no gloves)
SInv    +            (no boots)
Will    +....        B - amulet of magic regeneration
Stlth   ++           M - +6 ring of intelligence
HPRegen 0.28/turn    E - ring of magical power
MPRegen 0.64/turn

%: slow self (1%)
@: slowed, very slow
A: no striking features
a: Renounce Religion


You were on level 9 of the Dungeon.
You worshipped Vehumet.
Vehumet was pleased with you.
You visited 2 branches of the dungeon, and saw 10 of its levels.

You collected 415 gold pieces.
You spent 200 gold pieces at shops.

Inventory:

Hand Weapons
 h - a +4 whip of venom
 m - a +0 dagger
 p - the +8 quarterstaff "Epneuz" (weapon) {freeze, *Slow rElec rCorr SInv}
   (You found it on level 3 of the Dungeon)

   rElec:     It insulates you from electricity.
   SInv:      It lets you see invisible.
   rCorr:     It protects you from acid and corrosion.
   *Slow:     It may slow you when you take damage.
 A - the +3 flail of Expedience {heavy, rPois rF- Str+3 SInv}
   (You found it on level 6 of the Dungeon)

   Str:       It affects your strength (+3).
   rF:        It makes you vulnerable to fire.
   rPois:     It protects you from poison.
   SInv:      It lets you see invisible.
 C - a +0 dagger of electrocution
Missiles
 e - 5 poisoned darts
Armour
 a - a +1 robe (worn)
 c - +0 shadow dragon scales
 J - a +0 cloak (worn)
Jewellery
 l - an amulet of regeneration
 s - a +5 ring of evasion
 v - a ring of poison resistance
 z - a ring of resist corrosion
 B - an amulet of magic regeneration (around neck)
 E - a ring of magical power (right hand)
 K - an amulet of guardian spirit
 M - a +6 ring of intelligence (left hand)
Wands
 o - a wand of roots (19)
 G - a wand of quicksilver (8)
 I - a wand of paralysis (5)
 L - a wand of polymorph (10)
Scrolls
 n - a scroll of amnesia
 r - a scroll of fog
 u - 2 scrolls of poison
 y - a scroll of teleportation
Potions
 b - 3 potions of magic
 d - 5 potions of curing
 f - 3 potions of haste
 g - a potion of berserk rage
 i - 2 potions of flight
 j - 2 potions of brilliance
 k - a potion of cancellation {unknown}
 t - a potion of ambrosia {unknown}
 w - a potion of mutation {unknown}
 x - 2 potions of invisibility {unknown}
 D - 2 potions of attraction {unknown}
 F - a potion of might {unknown}
 H - a potion of degeneration {unknown}


   Skills:
 + Level 6.1 Dodging
 - Level 2.4 Stealth
 + Level 9.6 Spellcasting
 + Level 7.7 Conjurations
 - Level 5.0 Hexes
 - Level 5.0 Translocations
 + Level 8.3 Fire Magic
 + Level 0.0 Earth Magic


You had 5 spell levels left.
You knew the following spells:

 Your Spells              Type           Power      Damage    Failure   Level
a - Foxfire               Conj/Fire      100%       2x1d9     1%          1
b - Scorch                Fire           100%       2d9       1%          2
c - Volatile Blastmotes   Fire/Tloc      100%       2d18      1%          3
d - Magic Dart            Conj           100%       1d8       1%          1
e - Inner Flame           Hex/Fire       54%        N/A       1%          3
f - Searing Ray           Conj           100%       2d8       1%          2
g - Flame Wave            Conj/Fire      59%        2d14      1%          4
h - Iskenderun's Mystic   Conj/Tloc      53%        2d11      2%          4
i - Stone Arrow           Conj/Erth      76%        3d11      1%          3

Your spell library contained the following spells:

 Spells                   Type           Power      Damage    Failure   Level
 Ensorcelled Hibernation  Hex/Ice        60%        N/A       1%          2
 Dazzling Flash           Conj/Hex       100%       N/A       1%          3
 Mephitic Cloud           Conj/Pois/Air  30%        N/A       3%          3
 Call Imp                 Summ           28%        N/A       5%          2
 Passwall                 Tmut/Erth      11%        N/A       5%          2
 Poisonous Vapours        Pois/Air       28%        N/A       5%          2
 Swiftness                Air            14%        N/A       11%         3
 Freezing Cloud           Conj/Ice/Air   15%        6-21      32%         5
 Starburst                Conj/Fire      29%        6d9       19%         6


Dungeon Overview and Level Annotations

Branches:
Dungeon (9/15)             Temple (1/1) D:4            Lair (0/5) D:8
    Orc: D:9-12

Altars:
Cheibriados
Dithmenos
Elyvilon
Fedhas
Gozag
Hepliaklqana
Kikubaaqudgha
Makhleb
Nemelex Xobeh
Okawaru
Qazlal
Ru
Sif Muna
Trog
Uskayaw
Vehumet
Wu Jian
Xom
Yredelemnul
Zin
The Shining One

Shops:
D:3 =

Annotations:
D:1 1 transporter
D:3 2 transporters, ChiefBigBeans's ghost, amateur DrIE
D:9 Gastronok


Message History

Confirm with . or Enter, or press ? or * to list all spells.
Flames lash Gastronok.
Gastronok is burned terribly!
Gastronok is heavily wounded.
Gastronok bites you!
Casting: Scorch (safe; 1% risk of failure)
Confirm with . or Enter, or press ? or * to list all spells.
Flames lash Gastronok.
Gastronok is burned terribly!
Gastronok is severely wounded.
Gastronok bites you!!
Unknown command.
You feel much better.
Casting: Scorch (safe; 1% risk of failure)
Confirm with . or Enter, or press ? or * to list all spells.
Flames lash Gastronok but do no damage.
Gastronok gurgles, "Are you a wizard?
Wizards taste nice..."
Gastronok completely misses you.
Casting: Scorch (safe; 1% risk of failure)
Confirm with . or Enter, or press ? or * to list all spells.
Flames lash Gastronok.
Gastronok is burned terribly!
Gastronok is severely wounded.
Gastronok barely misses you.
Casting: Scorch (safe; 1% risk of failure)
Confirm with . or Enter, or press ? or * to list all spells.
Flames lash Gastronok.
Gastronok is burned terribly!
Gastronok is almost dead.
Gastronok's eyestalks quiver as he mumbles some strange words.
You hit Gastronok. You freeze Gastronok.
Gastronok is almost dead.
The rat barely misses you.
Gastronok mumbles some strange words.
Gastronok puts on a burst of speed!
You sock Gastronok! You freeze Gastronok.
Gastronok is almost dead.
The rat misses you. The rat closely misses you. Gastronok bites you!!!
Ouch! That really hurt!
* * * LOW HITPOINT WARNING * * *
You hit Gastronok. You freeze Gastronok.
Gastronok is almost dead.
The rat bites you.
You die... ########### ......r@wr# .########b# #

You could see Gastronok (swift, combustible), a quokka (summoned), a bat (summoned) and a rat (summoned).

Vanquished Creatures
  A two-headed ogre (D:8)
  Psyche (D:8)
  2 water moccasins
  An ice beast (D:7)
  3 sky beasts
  An orc warrior (D:7)
  A black bear (D:6)
  2 ogres
  A centaur (D:8)
  A kobold brigand (D:6)
  3 bullfrogs
  3 scorpions (D:5)
  4 wights (D:7)
  11 killer bees (D:8)
  4 howler monkeys (D:8)
  2 orc priests (D:8)
  2 sleepcaps
  5 hounds
  2 jellies
  6 orc wizards
  6 gnolls
  11 adders
  2 shadow imps
  2 white imps
  2 dart slugs (D:1)
  15 orcs
  11 endoplasms
  4 giant cockroaches
  8 goblins
  5 hobgoblins
  3 jackals (D:2)
  12 kobolds
  A quokka (D:5)
  6 ball pythons
  2 bats (D:3)
  5 frilled lizards
  3 rats
154 creatures vanquished.

Vanquished Creatures (others)
  305 foxfires
305 creatures vanquished.

Grand Total: 459 creatures vanquished

Notes
Turn   | Place    | Note
-------+----------+-------------------------------------------
     0 | D:1      | jurchenman the Deep Elf Fire Elementalist began the quest
                  | for the Orb.
     0 | D:1      | Reached XP level 1. HP: 10/10 MP: 6/6
   268 | D:1      | Reached XP level 2. HP: 15/15 MP: 2/8
   320 | D:1      | Learned a level 2 spell: Scorch
   620 | D:1      | Found a faded altar of an unknown god.
  1104 | D:2      | Reached XP level 3. HP: 19/19 MP: 6/10
  1108 | D:2      | Learned a level 3 spell: Volatile Blastmotes
  1325 | D:2      | Reached skill level 4 in Spellcasting
  1713 | D:2      | Reached XP level 4. HP: 24/24 MP: 9/12
  1875 | D:3      | Learned a level 1 spell: Magic Dart
  1959 | D:3      | Reached skill level 1 in Translocations
  2244 | D:3      | Identified the +8 quarterstaff "Epneuz" {freeze, *Slow
                  | rElec rCorr SInv}
  2287 | D:3      | Found a transporter.
  2306 | D:3      | Noticed ChiefBigBeans's ghost (amateur DrIE)
  2344 | D:3      | Found a transporter.
  2389 | D:3      | Noticed a small abomination
  2554 | D:3      | Found Qosoron's Jewellery Shoppe.
  2810 | D:4      | Reached XP level 5. HP: 28/28 MP: 8/13
  3180 | D:4      | Reached skill level 5 in Spellcasting
  3308 | D:4      | Found a staircase to the Ecumenical Temple.
  3320 | Temple   | Entered the Ecumenical Temple
  3378 | Temple   | Became a worshipper of Vehumet
  3683 | D:4      | Reached XP level 6. HP: 32/32 MP: 4/15
  3947 | D:4      | Learned a level 3 spell: Inner Flame
  4021 | D:5      | Entered Level 5 of the Dungeon
  4049 | D:5      | Reached skill level 5 in Fire Magic
  4108 | D:5      | Reached XP level 7. HP: 36/36 MP: 12/17
  4221 | D:5      | Reached skill level 6 in Spellcasting
  4784 | D:6      | Reached skill level 5 in Conjurations
  4835 | D:6      | Identified the +3 flail of Expedience {heavy, rPois rF-
                  | Str+3 SInv}
  4892 | D:6      | Reached * piety under Vehumet
  4892 | D:6      | Offered knowledge of Freeze by Vehumet.
  5068 | D:6      | Reached XP level 8. HP: 41/41 MP: 14/20
  5249 | D:6      | Reached skill level 7 in Spellcasting
  5682 | D:7      | Reached skill level 5 in Translocations
  5795 | D:3      | Bought a ring of magical power for 200 gold pieces
  5921 | D:7      | Reached skill level 1 in Hexes
  6231 | D:7      | Reached ** piety under Vehumet
  6299 | D:7      | Offered knowledge of Searing Ray by Vehumet.
  6300 | D:7      | Reached skill level 8 in Spellcasting
  6319 | D:7      | Learned a level 2 spell: Searing Ray
  6635 | D:8      | Reached XP level 9. HP: 45/45 MP: 23/23
  6723 | D:8      | Noticed Psyche
  6728 | D:8      | Killed Psyche
  6905 | D:8      | Reached skill level 5 in Dodging
  7051 | D:8      | Found a staircase to the Lair.
  7074 | D:8      | Reached skill level 9 in Spellcasting
  7074 | D:8      | Reached skill level 5 in Hexes
  7079 | D:8      | Learned a level 4 spell: Flame Wave
  7084 | D:8      | Learned a level 4 spell: Iskenderun's Mystic Blast
  7091 | D:8      | Noticed a two-headed ogre
  7142 | D:8      | Killed a two-headed ogre
  7214 | D:8      | Offered knowledge of Stone Arrow by Vehumet.
  7215 | D:8      | Reached XP level 10. HP: 50/50 MP: 24/25
  7235 | D:8      | Learned a level 3 spell: Stone Arrow
  7467 | D:9      | Noticed Gastronok
  7485 | D:9      | HP: 1/50 [Gastronok (38)]
  7486 | D:9      | Slain by a rat

Illustrated notes

Levels and vault maps discovered:
D:1:      spicycebolla_arrival_transporter_tutorial, layout_loops_ring,
          ebering_ecumenical_altar_webs
D:2:      layout_loops_cross
D:3:      layout_loops_ring, serial_shops, nicolae_shop_hallway_stairs,
          gammafunk_ghost_abyssal_escape
D:4:      layout_basic, temple_green, minmay_misc_feat_tower, abandoned_shop,
          grunt_ministairs_4
D:5:      layout_loops_ring
D:6:      layout_loops_ring
D:7:      layout_cave_pools
D:8:      layout_gridville, dpeg_oklobed_lair, uniq_psyche
D:9:      layout_loops_ring, erik_orc_4, uniq_maurice, uniq_pikel,
          uniq_gastronok
Temple:   compressed_dpeg_circular_temple

Skill      XL: |  1  2  3  4  5  6  7  8  9 |
---------------+----------------------------+-----
Conjurations   | 2 3 4 5 6 7 |  7.7
Spellcasting   | 4 5 6 8 9 |  9.6
Fire Magic     | 4 5 6 7 8 |  8.3
Translocations | 1 2 3 4 5 |  5.0
Hexes          | 3 5 |  5.0
Dodging        | 4 6 |  6.1
Stealth        | |  2.4

Action                     |  1- 3 |  4- 6 |  7- 9 | 10-12 || total
---------------------------+-------+-------+-------+-------++-------
  Melee: Whip              |     2 |     4 |       |       ||     6
         Quarterstaff      |       |    12 |    22 |     3 ||    37
   Cast: Foxfire           |    47 |    40 |    92 |       ||   179
         Scorch            |     3 |    23 |    59 |    14 ||    99
         Magic Dart        |       |    20 |    13 |       ||    33
         Volatile Blastmot |       |     3 |       |       ||     3
         Inner Flame       |       |       |     6 |       ||     6
    Use: Scroll            |     6 |     5 |     5 |       ||    16
         Potion            |       |       |     1 |     2 ||     3
   Stab: Sleeping          |       |     3 |     4 |       ||     7
 Armour: Robe              |     3 |     3 |     5 |       ||    11
  Dodge: Dodged            |     8 |    15 |    37 |     7 ||    67
